 Dungeon Crawl Stone Soup version 0.29.1-1-gd02db6906a (webtiles) character file.

Game seed: 4445569962586947362

161 unlimited1921 the Magician (level 5, -1/35 HPs)
             Began as a Djinni Fire Elementalist on Sept 24, 2022.
             Shot with an arrow by a centaur (11 damage)
             ... on level 4 of the Dungeon.
             The game lasted 00:13:05 (6350 turns).

unlimited1921 the Magician (DjFE)                   Turns: 6350, Time: 00:13:05

Health: -1/35      AC:  3    Str:  7    XL:     5   Next: 70%
Gold:   163        EV: 12    Int: 19    God:
                   SH:  0    Dex: 19

rFire   + + +      SeeInvis .   u - +2 falchion
rCold   x . .      Faith    .   (no shield)
rNeg    . . .      Spirit   .   l - +0 leather armour
rPois   ∞          Reflect  .   (no helmet)
rElec   .          Harm     .   (no cloak)
rCorr   .          Rampage  .   (no gloves)
Will    .....                   (boots unavailable)
Stlth   ++........              (no amulet)
HPRegen 0.11/turn               g - ring of protection from fire
MPRegen 0.00/turn               m - +6 ring of dexterity

@: flying
A: sickness immunity, fire resistance 2, cold vulnerability 1, float, innate
caster, HP casting, extra vitality 1
a: no special abilities


You were on level 4 of the Dungeon.
You visited 1 branch of the dungeon, and saw 4 of its levels.

You collected 163 gold pieces.

Inventory:

Hand Weapons
 f - a +0 hand axe
 u - a +2 falchion (weapon)
Missiles
 c - a throwing net
 e - 30 stones
 q - 13 poisoned darts
Armour
 a - a +0 robe
 i - a +0 ring mail
 l - a +0 leather armour (worn)
 r - a +0 ring mail
Jewellery
 g - a ring of protection from fire (left hand)
 m - a +6 ring of dexterity (right hand)
Wands
 x - a wand of flame (20) (quivered)
 A - a wand of iceblast (14)
Scrolls
 b - 5 scrolls of teleportation {unknown}
 d - 7 scrolls of identify {unknown}
 h - 3 scrolls of magic mapping {unknown}
 j - a scroll of brand weapon {unknown}
 v - 3 scrolls of noise {unknown}
 y - a scroll of silence {unknown}
 z - a scroll of enchant armour {unknown}
Potions
 k - a potion of resistance {unknown}
 n - 2 potions of heal wounds {unknown}
 o - a potion of magic {unknown}
 p - 2 potions of mutation {unknown}
 s - 4 potions of flight {unknown}
 t - a potion of might {unknown}
 w - a potion of berserk rage {unknown}


   Skills:
 + Level 1.2 Armour
 + Level 3.0 Dodging
 + Level 2.0 Stealth
 + Level 4.0 Spellcasting


You couldn't memorise any spells.
You knew the following spells:

 Your Spells              Type           Power      Damage    Failure   Level
a - Foxfire               Conj/Fire      76%        2x1d7     3%          1
b - Scorch                Fire           38%        2d7       6%          2
c - Conjure Flame         Conj/Fire      19%        6-21      12%         3
d - Inner Flame           Hex/Fire       19%        N/A       12%         3
e - Flame Wave            Conj/Fire      19%        2d7       36%         4
f - Shock                 Conj/Air       76%        1d7       3%          1
g - Poisonous Vapours     Pois/Air       38%        N/A       6%          2
Your spell library was empty.

Dungeon Overview and Level Annotations

Branches:
Dungeon (4/15)
 Temple: D:4-7

Altars:
Trog


Innate Abilities, Weirdness & Mutations

You are immune to sickness and miasma.
You are immune to poison.
Your flesh is very heat resistant. (rF++)
You are vulnerable to cold. (rC-)
You float through the air rather than walking.
You learn spells naturally, not from books.
Your magical power is your life essence.
You have superior vitality. (+4 MHP)


Message History

You reach down and open the door.
Found a bronze wand.
There is an open door here.
A - a wand of iceblast (14)
You reach down and open the door.
Found a hand axe.
There is an open door here.
There is an open door here.
There is an open door here.
You reach down and open the door.
There is an open door here.
There is an open door here.
You reach down and open the door.
There is an open door here.
There is an open door here.
You reach down and open the door.
There is an open door here.
There is an open door here.
A centaur comes into view.
The centaur shouts!
The centaur wields a +0 shortbow.
The centaur shoots an arrow.
The arrow misses you.
The centaur shoots an arrow.
The arrow barely misses you.
The centaur shoots an arrow.
The arrow hits you!
Casting: Poisonous Vapours (safe; 6% risk of failure)
Confirm with . or Enter, or press ? or * to list all spells.
Aiming: Poisonous Vapours (safe; 6% risk of failure)
Press: ? - help, Dir - move target, f - centaur
Aim: a centaur, wielding a +0 shortbow Poisonous vapours surround the centaur!
The centaur is poisoned.
The centaur shoots an arrow.
The arrow closely misses you.
The centaur shoots an arrow.
The arrow barely misses you.
Casting: Poisonous Vapours (safe; 6% risk of failure)
Confirm with . or Enter, or press ? or * to list all spells.
You conjure some foxfire!
Casting: Foxfire (safe; 3% risk of failure)
Confirm with . or Enter, or press ? or * to list all spells.
You conjure some foxfire!
The centaur shoots an arrow.
The arrow hits you!
* * * LOW HITPOINT WARNING * * *
The centaur shoots an arrow.
The arrow hits you!
You die...

#....# #....# #.......#
#....+ #..c.....
######....# #..v.....
..#.....### #..§.....
..#.....# +.§......
..'.....# #.§......
###.....########§.......
..##...........v@#
...#...........vv+
...'.............#
...#..<..........#
...#.............#
####.....##'#####..
#.....#...# ...
#.....#...# ...
####.....#..##


You could see a centaur (poisoned, ally target).

Vanquished Creatures
  Terence (D:3)
  A gnoll (D:3)
  5 adders
  A white imp (D:3)
  2 worms
  An orc (D:3)
  3 ball pythons (D:2)
  4 bats
  2 endoplasms
  2 giant cockroaches
  6 goblins
  4 hobgoblins
  10 jackals
  8 kobolds
  5 quokkas
  2 frilled lizards
  5 rats
62 creatures vanquished.

Vanquished Creatures (others)
  195 foxfires
195 creatures vanquished.

Grand Total: 257 creatures vanquished

Notes
Turn   | Place    | Note
-------+----------+-------------------------------------------
     0 | D:1      | unlimited1921 the Djinni Fire Elementalist began the quest
                  | for the Orb.
     0 | D:1      | unlimited1921 set off with the following spells memorised:
                  | Foxfire, Scorch, Conjure Flame, Inner Flame, Flame Wave.
     0 | D:1      | Reached XP level 1. HP: 15/15 MP: 0/0
   335 | D:1      | Reached XP level 2. HP: 12/21 MP: 0/0
  1456 | D:1      | Reached skill level 3 in Spellcasting
  1634 | D:1      | Reached XP level 3. HP: 25/25 MP: 0/0
  1634 | D:1      | Learned a level 1 spell: Shock
  2522 | D:2      | Found a faded altar of an unknown god.
  2886 | D:2      | Reached XP level 4. HP: 28/31 MP: 0/0
  4691 | D:3      | Reached XP level 5. HP: 31/35 MP: 0/0
  4691 | D:3      | Learned a level 2 spell: Poisonous Vapours
  4711 | D:3      | Found a bloodstained altar of Trog.
  5175 | D:3      | Noticed Terence
  5181 | D:3      | Killed Terence
  5182 | D:3      | Reached skill level 1 in Armour
  6007 | D:4      | Reached skill level 4 in Spellcasting
  6346 | D:4      | Noticed a centaur
  6350 | D:4      | Shot with an arrow by a centaur

Illustrated notes

Levels and vault maps discovered:
D:1:      psy_arrival_basics, layout_loops_ring
D:2:      layout_rooms, ebering_ecumenical_altar_webs, st_stairs_10,
          minmay_misc_feat_alley, solitary_fountain, kennysheep_generic_room_11
D:3:      layout_loops_corners, nzn_overflow_gifts_of_might_and_magic,
          kennysheep_cluttered_room, uniq_terence
D:4:      layout_gridville

Skill      XL: |  1  2  3  4  5 |
---------------+----------------+-----
Spellcasting   | 3 4 |  4.0
Stealth        | 2 |  2.0
Dodging        | 3 |  3.0
Armour         | 1 |  1.2

Action                   |  1- 3 |  4- 6 || total
-------------------------+-------+-------++-------
Melee: Falchion          |       |     7 ||     7
 Cast: Foxfire           |    71 |    57 ||   128
       Scorch            |     3 |     8 ||    11
       Inner Flame       |       |     2 ||     2
       Poisonous Vapours |       |     4 ||     4
       Shock             |       |     1 ||     1
 Stab: Distracted        |       |     1 ||     1
Armor: Robe              |     2 |       ||     2
       Leather armour    |       |     2 ||     2
Dodge: Dodged            |    22 |     9 ||    31
